 Dungeon Crawl Stone Soup version 0.24-a0-264-gf46a388 (webtiles) character file.

Game seed: 5670851142748451251

6 MatthieuS the Firebug (level 1, 1/10 HPs)
             Began as a Deep Elf Fire Elementalist on Apr 20, 2019.
             Got out of the dungeon alive.
             The game lasted 00:00:38 (112 turns).

MatthieuS the Firebug (Deep Elf Fire Elementalist)   Turns: 112, Time: 00:00:38

Health: 1/10       AC:  2    Str:  5    XL:     1   Next: 75%
Magic:  0/6        EV: 13    Int: 19    God:
Gold:   0          SH:  0    Dex: 15    Spells: 5/6 levels left

rFire    . . .     SeeInvis .   (no weapon)
rCold    . . .     Gourm    .   (no shield)
rNeg     . . .     Faith    .   a - +0 robe
rPois    .         Spirit   .   (no helmet)
rElec    .         Reflect  .   (no cloak)
rCorr    .         Harm     .   (no gloves)
MR       .....                  (no boots)
Stlth    ++........             (no amulet)
HPRegen  0.03/turn              (no ring)
MPRegen  0.10/turn              (no ring)

@: very slightly contaminated
A: no striking features
a: no special abilities


You escaped.
You were not hungry.

You visited 1 branch of the dungeon, and saw 1 of its levels.

Inventory:

Armour
 a - a +0 robe (worn)
Comestibles
 b - 6 chunks of flesh
 e - a ration


   Skills:
 - Level 2.4 Dodging
 + Level 2.6 Stealth
 + Level 3.1 Spellcasting
 + Level 1.3 Conjurations
 + Level 3.4 Fire Magic


You had 5 spell levels left.
You knew the following spells:

 Your Spells              Type           Power        Failure   Level  Hunger
a - Flame Tongue          Conj/Fire      ##...        5%          1    None

Your spell library contained the following spells:

 Spells                   Type           Power        Failure   Level  Hunger
 Throw Flame              Conj/Fire      ##....       9%          2    ##.....
 Conjure Flame            Conj/Fire      ##......     17%         3    ###....
 Inner Flame              Hex/Fire       #.......     22%         3    ###....
 Sticky Flame             Conj/Fire      ##......     50%         4    ####...
 Fireball                 Conj/Fire      ##........   83%         5    ######.


Dungeon Overview and Level Annotations

Branches:
Dungeon (1/15)

Altars:


Message History

Aim: a goblin, wielding a +0 club (heavily wounded)
The flame tongue hits the goblin.
You kill the goblin!
Aim: a jackal The flame tongue hits the jackal.
You kill the jackal!
A jackal comes into view.
You can't see any susceptible monsters within range! (Use Z to cast anyway.)
You can't see any susceptible monsters within range! (Use Z to cast anyway.)
You can't see any susceptible monsters within range! (Use Z to cast anyway.)
A jackal comes into view.
Unknown command.
The jackal barks!
Things that are here:
a +0 club; a hobgoblin skeleton The jackal bites you.
Aim: a jackal The flame tongue misses the jackal.
The jackal bites you but does no damage.
Aim: a jackal You miscast Flame Tongue.
You are very lightly contaminated with residual magic.
Your skin glows momentarily.
The jackal barely misses you. The jackal bites you.
Aim: a jackal The flame tongue hits the jackal but does no damage.
The jackal closely misses you.
You don't have enough magic to cast that spell.
The jackal bites you.
* * * LOW HITPOINT WARNING * * *
You completely miss the jackal. The jackal closely misses you.
You closely miss the jackal. The jackal barely misses you.
Aim: a jackal You miscast Flame Tongue.
Nothing appears to happen.
The jackal misses you. The jackal bites you.
* * * LOW HITPOINT WARNING * * *
The jackal barely misses you.
You aren't carrying any potions.
You aren't carrying any scrolls.
Unknown command.
The jackal bites you.
* * * LOW HITPOINT WARNING * * *
The jackal bites you.
* * * LOW HITPOINT WARNING * * *
There is a staircase leading out of the dungeon here.
Are you sure you want to leave the Dungeon?
This will make you lose the game! The jackal barely misses you.
The jackal bites you.
* * * LOW HITPOINT WARNING * * *
The jackal closely misses you.
You have escaped!

..[....†.........#
##.....).###...#.#
#................#
#.####..######...#
#..######...#
##........#.#
##.######.#.#
##.#.h..#.#.#
##.#@h#.#.#.##
##.####.#.#.!#
##..)...#.##.#
#########.## ..
...........!.## .
###..#######..#
#.=#######..#
##............
###..###.)####


You could see 2 jackals.

Vanquished Creatures
  A giant cockroach (D:1)
  A goblin (D:1)
  A hobgoblin (D:1)
  A jackal (D:1)
  A bat (D:1)
5 creatures vanquished.

Notes
Turn   | Place    | Note
-------+----------+-------------------------------------------
     0 | D:1      | MatthieuS the Deep Elf Fire Elementalist began the quest
                  | for the Orb.
     0 | D:1      | Reached XP level 1. HP: 10/10 MP: 6/6
   112 | D:$      | Got out of the dungeon alive.

Levels and vault maps discovered:
D:1:      zelgadis_glass_arrival_small, layout_loops_ring

Action                   || total
-------------------------++-------
Melee: Unarmed           ||     3
 Cast: Flame Tongue      ||    12
Armor: Robe              ||     2
Dodge: Dodged            ||    12

Table legend:
 A = Non-vault XP
 B = Vault XP
 C = Vault XP percentage of total XP
 D = Non-vault monster count
 E = Vault monster count
 F = Vault count percentage of total count
                 A         B        C        D         E       F
            +---------+---------+-------+---------+---------+-------
      Total |       9 |       0 |   0.0 |       5 |       0 |   0.0
            +---------+---------+-------+---------+---------+-------
        D:1 |       9 |       0 |   0.0 |       5 |       0 |   0.0
            +---------+---------+-------+---------+---------+-------
